[Event "N1 Reykjavik Open 2014"]
[Site "Reykjavik, Iceland"]
[Date "2014.03.11"]
[Round "9.6"]
[White "Ezat, Mohamed"]
[Black "L'Ami, Erwin"]
[Result "0-1"]
[WhiteElo "2439"]
[BlackElo "2646"]
[ECO "E08"]
[EventDate "2014.??.??"]
[Annotator "peturla"]
[PlyCount "104"]
[TimeControl "6000+1035"]
[WhiteClock "0:14:04"]
[BlackClock "0:16:29"]

1. d4 Nf6 2. c4 e6 3. g3 d5 4. Nf3 Bb4+ 5. Bd2 Be7 6. Bg2 O-O 7. O-O c6 8.
 Qc2 Nbd7 9. Bf4 a5 10. c5 b6 11. cxb6 Qxb6 12. Nc3 Ba6 13. Rfc1 Rfc8 14. 
Na4 Qb7 15. Bg5 c5 16. Bxf6 Bxf6 17. dxc5 Bb5 18. Rab1 Bxa4 19. Qxa4 Nxc5 
20. Qd1 Ne4 21. Rxc8+ Rxc8 22. Ne1 Nc5 23. Qd2 Qb4 24. Qc2 Rb8 25. a3 Qc4 
26. b4 Qxc2 27. Nxc2 Na4 28. e3 Nc3 29. Re1 axb4 30. axb4 Rc8 31. Bf1 Na2 
32. Bd3 Rc3 33. Rd1 Rb3 34. Kf1 g6 35. b5 Nc3 36. Na1 Rb2 37. Rc1 Kg7 38. 
Nc2 e5 39. f3 e4 40. fxe4 dxe4 41. Bc4 Nxb5 42. Ke1 Nd6 43. Be2 Bc3+ 44. 
Kd1 h5 45. Na3 Bb4 46. Nc4 Nf5 47. h3 Ra2 48. Rc2 Rxc2 49. Kxc2 Nxg3 50. 
Bd1 f5 51. Kb3 Bc5 52. Kc3 Nf1 0-1

[Event "N1 Reykjavik Open 2014"]
[Site "Reykjavik, Iceland"]
[Date "2014.03.11"]
[Round "9.7"]
[White "Gajewski, Grzegorz"]
[Black "Lie, Espen"]
[Result "1-0"]
[WhiteElo "2631"]
[BlackElo "2456"]
[ECO "E68"]
[EventDate "2014.??.??"]
[Annotator "peturla"]
[PlyCount "71"]
[TimeControl "6000+1330"]
[WhiteClock "0:22:48"]
[BlackClock "0:12:54"]

1. d4 Nf6 2. c4 g6 3. g3 Bg7 4. Bg2 O-O 5. Nc3 d6 6. Nf3 Nbd7 7. O-O e5 8.
 e4 exd4 9. Nxd4 Re8 10. h3 Nc5 11. Re1 h6 12. Rb1 Bd7 13. Kh2 Qc8 14. f4 
Ne6 15. Be3 a6 16. Qd2 Kh7 17. Rbd1 Rb8 18. Nb3 Nf8 19. c5 dxc5 20. e5 Ng8
21. Nxc5 Be6 22. Nxe6 Nxe6 23. Nd5 Ne7 24. Nxe7 Rxe7 25. Qc2 Nf8 26. h4 b6
27. Bc6 h5 28. b3 Qg4 29. Kg2 Kh8 30. Bc1 Qc8 31. Ba3 Re6 32. Bd5 c5 33. 
Bxe6 Nxe6 34. Bb2 b5 35. f5 Qb7+ 36. Kh2 1-0

[Event "N1 Reykjavik Open 2014"]
[Site "Reykjavik, Iceland"]
[Date "2014.03.11"]
[Round "9.11"]
[White "Kjartansson, Gudmundur"]
[Black "Berkes, Ferenc"]
[Result "1/2-1/2"]
[WhiteElo "2441"]
[BlackElo "2687"]
[ECO "E68"]
[EventDate "2014.??.??"]
[Annotator "peturla"]
[PlyCount "131"]
[TimeControl "6000+1985"]
[WhiteClock "0:01:00"]
[BlackClock "0:06:59"]

1. Nf3 Nf6 2. c4 g6 3. g3 Bg7 4. Nc3 O-O 5. Bg2 d6 6. d4 Nbd7 7. O-O e5 8.
 e4 h6 9. h3 Nh7 10. dxe5 Nxe5 11. Nxe5 dxe5 12. Be3 c6 13. Qxd8 Rxd8 14. 
Rfd1 Re8 15. Rd2 Ng5 16. Kh2 Ne6 17. Rad1 h5 18. c5 Kh7 19. Ne2 a5 20. a4 
Bh6 21. Bxh6 Kxh6 22. Rc2 Nc7 23. Nc1 Be6 24. Bf1 Kg7 25. Bc4 h4 26. Bxe6 
Nxe6 27. Nb3 Reb8 28. Rc3 b5 29. cxb6 Rxb6 30. gxh4 Rb4 31. Nc5 Nxc5 32. 
Rxc5 Rxe4 33. b3 Re2 34. Kg3 Rb8 35. Rd3 e4 36. Rdc3 f5 37. h5 Rf8 38. 
Rxc6 f4+ 39. Kh4 gxh5 40. Rc7+ Rf7 41. f3 Rxc7 42. Rxc7+ Kf6 43. fxe4 Rxe4
44. Rc6+ Re6 45. Rc5 Re5 46. Rc6+ Kf5 47. Rc4 Re8 48. b4 Re4 49. Rc5+ Kg6 
50. bxa5 f3+ 51. Kg3 Rxa4 52. Rc6+ Kf5 53. a6 h4+ 54. Kxf3 Ra3+ 55. Ke2 
Ke4 56. Kd2 Kd4 57. Rg6 Ra2+ 58. Kc1 Kc3 59. Kb1 Ra5 60. Rc6+ Kb4 61. Rh6 
Kb5 62. Rxh4 Rxa6 63. Kc2 Ra3 64. Kd2 Kc5 65. Ke2 Kd5 66. Kf2 1/2-1/2

[Event "N1 Reykjavik Open 2014"]
[Site "Reykjavik, Iceland"]
[Date "2014.03.11"]
[Round "9.17"]
[White "Aravindh, Chithambaram Vr"]
[Black "Galego, Luis"]
[Result "1/2-1/2"]
[WhiteElo "2395"]
[BlackElo "2463"]
[ECO "C41"]
[EventDate "2014.??.??"]
[Annotator "peturla"]
[PlyCount "163"]
[TimeControl "6000+755"]
[WhiteClock "0:00:57"]
[BlackClock "0:02:45"]

1. e4 d6 2. d4 Nf6 3. Nc3 e5 4. Nf3 exd4 5. Nxd4 Be7 6. g3 O-O 7. Bg2 Bg4 
8. Nde2 Nc6 9. h3 Bxe2 10. Qxe2 Re8 11. O-O Bf8 12. Bg5 Nd4 13. Qc4 Ne6 
14. Be3 c6 15. a4 a5 16. Rad1 Qc8 17. Rd2 h6 18. Rfd1 Ng5 19. Kh2 Nfxe4 
20. Nxe4 d5 21. Nf6+ gxf6 22. Qd3 Ne4 23. Re2 Nd6 24. Rde1 Qf5 25. Qd1 Nc4
26. Bc1 Rxe2 27. Rxe2 Nd6 28. Qe1 Qd7 29. b3 b5 30. axb5 Nxb5 31. Bb2 Qf5 
32. Qa1 Bg7 33. Qa4 Qd7 34. b4 Qd8 35. c4 axb4 36. Qxb4 Nc7 37. cxd5 Nxd5 
38. Qg4 Qc8 39. Qd4 Qd7 40. Re4 Qf5 41. Qc5 Qd7 42. Rg4 h5 43. Rh4 Rb8 44.
 Qc2 Nb4 45. Qe2 Nd3 46. Rd4 Qb7 47. Ba3 Ne5 48. Bd6 Re8 49. Qxh5 Ng6 50. 
Rd2 Bf8 51. Bxf8 Kxf8 52. Qc5+ Ne7 53. Rd6 Qb2 54. Rxc6 Rd8 55. Rc7 Qe2 
56. h4 Rd2 57. Rc8+ Kg7 58. Re8 Rd7 59. Bh3 Rb7 60. Bg2 Rd7 61. Qb4 Ra7 
62. Qd6 Qe5 63. Qd8 Qc7 64. Qd4 Qd7 65. Qxd7 Rxd7 66. Be4 f5 67. Bf3 Kf6 
68. Ra8 Ng6 69. Ra6+ Kg7 70. Kg2 Ne5 71. Be2 Rd2 72. Kf1 f4 73. Ra5 Ng6 
74. h5 fxg3 75. fxg3 Ne7 76. Bf3 f5 77. Ra7 Kf6 78. h6 Rh2 79. Ra6+ Kg5 
80. Ra7 Kf6 81. g4 fxg4 82. Bxg4 1/2-1/2

[Event "N1 Reykjavik Open 2014"]
[Site "Reykjavik, Iceland"]
[Date "2014.03.11"]
[Round "9.21"]
[White "Ptacnikova, Lenka"]
[Black "Browne, Walter S"]
[Result "1/2-1/2"]
[WhiteElo "2239"]
[BlackElo "2444"]
[ECO "A25"]
[EventDate "2014.??.??"]
[Annotator "peturla"]
[PlyCount "133"]
[TimeControl "6000+1945"]
[WhiteClock "0:04:26"]
[BlackClock "0:04:33"]

1. c4 e5 2. g3 Nc6 3. Bg2 g6 4. Nc3 Bg7 5. e4 d6 6. Nge2 f5 7. d3 Nf6 8. 
exf5 Bxf5 9. O-O Qd7 10. d4 O-O 11. d5 Ne7 12. Bg5 Rf7 13. Qd2 Raf8 14. 
Rad1 h5 15. h4 Nh7 16. f3 Nxg5 17. hxg5 Bh3 18. Ne4 Bxg2 19. Kxg2 Nf5 20. 
Qd3 h4 21. g4 Nd4 22. Nxd4 exd4 23. Kh3 Be5 24. Rde1 Rf4 25. Nf6+ Bxf6 26.
 gxf6 R8xf6 27. Kxh4 Qf7 28. Kg3 c5 29. Re4 g5 30. Qe2 Kf8 31. Kg2 Rxe4 
32. Qxe4 Rf4 33. Qd3 Qe7 34. Rh1 Qe3 35. Rh8+ Ke7 36. Rh7+ Kd8 37. Qxe3 
dxe3 38. b3 Rd4 39. Kf1 Rd2 40. Rxb7 Rxa2 41. Rg7 Rf2+ 42. Ke1 Rxf3 43. 
Ke2 Rf2+ 44. Kxe3 Rb2 45. Rxa7 Rxb3+ 46. Ke4 Rb4 47. Kf5 Rxc4 48. Ke6 Rxg4
49. Kxd6 Ke8 50. Kxc5 Rf4 51. Kc6 Rc4+ 52. Kd6 g4 53. Re7+ Kf8 54. Re1 g3 
55. Rg1 Rc3 56. Kd7 Kf7 57. Rf1+ Kg6 58. d6 Kg5 59. Ke7 Re3+ 60. Kd8 Rd3 
61. d7 Kg4 62. Rc1 g2 63. Kc8 Kf3 64. d8=Q Rxd8+ 65. Kxd8 Kf2 66. Rc2+ Kf1
67. Rxg2 1/2-1/2